 Dungeon Crawl Stone Soup version 0.28-a0-1629-gf728b707aa (webtiles) character file.

Game seed: 9913651015377147550

205 testman the Skirmisher (level 6, -4/50 HPs)
             Began as a Formicid Abyssal Knight on Jan 24, 2022.
             Was a Believer of Lugonu.
             Slain by a human skeleton (7 damage)
             ... on level 4 of the Dungeon.
             The game lasted 00:09:09 (3195 turns).

testman the Skirmisher (Formicid Abyssal Knight)    Turns: 3195, Time: 00:09:09

Health: -4/50      AC:  3    Str: 20    XL:     6   Next: 10%
Magic:  9/9        EV: 11    Int:  9    God:    Lugonu [**....]
Gold:   90         SH:  0    Dex: 11    Spells: 5/5 levels left

rFire   . . .      SeeInvis +   a - +1 spear
rCold   . . .      Faith    .   (no shield)
rNeg    . . .      Spirit   .   b - +0 leather armour
rPois   .          Reflect  .   (helmet unavailable)
rElec   .          Harm     .   (no cloak)
rCorr   .          Rampage  .   (no gloves)
Will    .....                   (no boots)
Stlth   +.........              (no amulet)
HPRegen 0.16/turn               (no ring)
MPRegen 0.11/turn               (no ring)

@: no status effects
A: permanent stasis, dig shafts and tunnels, antennae 3, four strong arms
a: Dig, Shaft Self, Renounce Religion, Depart the Abyss, Bend Space


You were on level 4 of the Dungeon.
You worshipped Lugonu.
Lugonu was pleased with you.
You visited 1 branch of the dungeon, and saw 4 of its levels.
You visited the Abyss 1 time.

You collected 90 gold pieces.

Inventory:

Hand Weapons
 a - a +1 spear (weapon)
Missiles
 f - 2 throwing nets
 h - 108 stones
Armour
 b - a +0 leather armour (worn)
Scrolls
 e - 3 scrolls of identify
 k - a scroll of vulnerability
 m - a scroll of enchant weapon
 n - a scroll of silence
Potions
 c - a potion of magic {unknown}
 d - a potion of haste {unknown}
 g - a potion of might {unknown}
 i - a potion of lignification {unknown}
 j - 2 potions of attraction {unknown}
 l - a potion of heal wounds {unknown}


   Skills:
 + Level 4.8 Fighting
 + Level 3.6 Polearms
 - Level 2.1 Armour
 - Level 0.8 Dodging
 + Level 4.3 Invocations


You had 5 spell levels left.
You didn't know any spells.
Your spell library was empty.

Dungeon Overview and Level Annotations

Branches:
Dungeon (4/15)
 Temple: D:4-7

Altars:
Fedhas

Annotations:
D:4 1 runed translucent door


Innate Abilities, Weirdness & Mutations

You cannot be hasted, slowed, berserked, paralysed or teleported.
You can dig through walls and to a lower floor.
You have a pair of large antennae on your head. (SInv)
Your four strong arms can wield two-handed weapons with a shield.


Message History

You barely miss the human skeleton. The goblin completely misses you.
The human skeleton hits you. The hound skeleton barely misses you.
You hit the hound skeleton.
You destroy the hound skeleton!
Lugonu accepts your kill.
The goblin hits you with a +2 dagger of holy wrath.
The human skeleton hits you but does no damage.
You puncture the goblin!
You kill the goblin!
Lugonu accepts your kill.
You barely miss the human skeleton. The human skeleton hits you.
* * * LOW HITPOINT WARNING * * *
You hit the human skeleton.
The human skeleton is lightly damaged.
The human skeleton hits you.
* * * LOW HITPOINT WARNING * * *
You hit the human skeleton.
The human skeleton is lightly damaged.
The human skeleton hits you.
* * * LOW HITPOINT WARNING * * *
You hit the human skeleton.
The human skeleton is moderately damaged.
You hit the human skeleton.
The human skeleton is moderately damaged.
The human skeleton hits you but does no damage.
You hit the human skeleton.
The human skeleton is moderately damaged.
The human skeleton hits you.
* * * LOW HITPOINT WARNING * * *
You hit the human skeleton.
The human skeleton is heavily damaged.
You hit the human skeleton but do no damage.
The human skeleton is heavily damaged.
The human skeleton hits you.
* * * LOW HITPOINT WARNING * * *
Okay, then.
You puncture the human skeleton!
The human skeleton is severely damaged.
The human skeleton hits you!
You die...

#....# #.#.## ..#.##
##...# .....####..### {
.......#..# #.##......#
#. #.#.......####
##..###......##>...####
.......Z8#.#.#####....###
.......)@##### ####...#
........## ###.#
....###.# { #.#
....#p+.#. . #.#
....###.#.. #.## #..
........#### ..# ##.
......... ## ... #.
........8 ....#.##### #
..#.# #....(...


You could see a human skeleton and a neutral human (wandering).

Vanquished Creatures
  An orc priest (D:4)
  An orc wizard (D:4)
  A hound skeleton (D:4)
  Robin (D:2)
  4 adders
  An ufetubus (D:4)
  2 dart slugs
  4 orcs
  4 endoplasms
  3 giant cockroaches
  13 goblins
  5 hobgoblins
  4 jackals (D:1)
  3 quokkas
  8 ball pythons
  7 bats
  3 frilled lizards
  A goblin zombie (D:4)
  4 kobolds
  7 rats
77 creatures vanquished.

Notes
Turn   | Place    | Note
-------+----------+-------------------------------------------
     0 | Abyss:1  | testman the Formicid Abyssal Knight began the quest for the
                  | Orb.
     0 | Abyss:1  | Reached XP level 1. HP: 18/18 MP: 2/2
   120 | Abyss:1  | Noticed a large abomination
   132 | Abyss:1  | Noticed a flayed ghost
   145 | Abyss:1  | Noticed a worldbinder
   146 | D:1      | Escaped the Abyss
   336 | D:1      | Reached XP level 2. HP: 12/24 MP: 3/3
   794 | D:1      | Reached XP level 3. HP: 27/30 MP: 5/5
   919 | D:1      | Reached * piety under Lugonu
  1190 | D:2      | Found a blossoming altar of Fedhas.
  1319 | D:2      | Reached XP level 4. HP: 34/37 MP: 6/6
  1617 | D:2      | Found a faded altar of an unknown god.
  1641 | D:2      | Noticed Robin
  1656 | D:2      | Killed Robin
  2120 | D:3      | Reached XP level 5. HP: 43/43 MP: 7/7
  2912 | D:4      | Reached ** piety under Lugonu
  3033 | D:4      | Reached XP level 6. HP: 28/49 MP: 9/9
  3167 | D:4      | Found a runed translucent door.
  3167 | D:4      | Noticed a human
  3195 | D:4      | Slain by a human skeleton

Illustrated notes

Levels and vault maps discovered:
D:1:      matt_arrival_spirals, layout_basic
D:2:      layout_basic, basic_altar,
          dreamdust_ecumenical_altar_angels_and_demons,
          minmay_indecisive_spiral, uniq_robin
D:3:      layout_basic
D:4:      layout_rooms, dk_yredelemnul_ordeal, temple_doors_e,
          cheibrodos_sewer_entry_bend, minmay_misc_feat_five

Skill      XL: |  1  2  3  4  5 |
---------------+----------------+-----
Invocations    | 3 4 |  4.3
Fighting       | 4 |  4.8
Polearms       | 3 |  3.6
Armour         | |  2.1
Dodging        | |  0.8

Action                   |  1- 3 |  4- 6 || total
-------------------------+-------+-------++-------
Melee: Spear             |    92 |   177 ||   269
       Punch             |     1 |     2 ||     3
Invok: Depart the Abyss  |     1 |       ||     1
 Abil: Dig               |     1 |       ||     1
  Use: Scroll            |       |     3 ||     3
 Stab: Sleeping          |     1 |       ||     1
Armor: Leather armour    |    19 |    34 ||    53
Dodge: Dodged            |    41 |    87 ||   128

Table legend: (Time is in decaauts)
 A = Elapsed time spent in this place.
 B = Non-inter-level travel time spent in this place.
 C = Inter-level travel time spent in this place.
 D = Time resting spent in this place.
 E = Time spent auto-exploring this place.
 F = Levels seen in this place.
 G = Mean time per level.
                   A        B        C        D        E       F      G
               +--------+--------+--------+--------+--------+-----+--------+
         Total |   3182 |   3082 |    100 |    512 |   1972 |   5 |  636.4 |
       Dungeon |   3036 |   2936 |    100 |    512 |   1852 |   4 |  759.0 |
         Abyss |    146 |    146 |      0 |      0 |    120 |   1 |  146.0 |
               +--------+--------+--------+--------+--------+-----+--------+

Top non-repeatable levels by time:
     D:1: 1001 daAuts
     D:2: 926 daAuts
     D:3: 812 daAuts
     D:4: 296 daAuts
 Abyss:1: 146 daAuts
